 Dungeon Crawl Stone Soup version 0.30.1 (webtiles) character file.

Game seed: 3186702268504411699

23 AgateBread the Caller (level 3, -2/24 HPs)
             Began as a Merfolk Summoner on July 10, 2023.
             Slain by a jackal (3 damage)
             ... on level 1 of the Dungeon.
             The game lasted 00:04:34 (988 turns).

AgateBread the Caller (Merfolk Summoner)             Turns: 988, Time: 00:04:34

Health: -2/24      AC:  2    Str:  8    XL:     3   Next: 0%
Magic:  6/6        EV:  9    Int: 16    God:
Gold:   10         SH:  0    Dex: 14    Spells: 6/7 levels left

rFire   . . .        f - +0 dagger (chaos)
rCold   . . .        (no shield)
rNeg    . . .        a - +0 robe
rPois   .            (no helmet)
rElec   .            (no cloak)
rCorr   .            (no gloves)
SInv    .            (no boots)
Will    .....        (no amulet)
Stlth   ++           (no ring)
HPRegen 0.24/turn    (no ring)
MPRegen 0.10/turn

%: no passive effects
@: constricted
A: (nimble swimmer 2), mertail
a: no special abilities


You were on level 1 of the Dungeon.
You visited 1 branch of the dungeon, and saw 1 of its levels.

You collected 10 gold pieces.

Inventory:

Hand Weapons
 d - a +0 whip
 f - a +0 dagger of chaos (weapon)
 k - a +0 quarterstaff
Missiles
 j - 5 curare-tipped darts
Armour
 a - a +0 robe (worn)
Jewellery
 h - an amulet of magic regeneration
Scrolls
 i - a scroll of blinking {unknown}
Potions
 b - a potion of magic
 c - a potion of flight {unknown}
 g - a potion of ambrosia
 l - a potion of berserk rage {unknown}


   Skills:
 - Level 2.7 Dodging
 - Level 2.2 Stealth
 + Level 2.6 Spellcasting
 + Level 4.4 Summonings


You had 6 spell levels left.
You knew the following spells:

 Your Spells              Type           Power      Damage    Failure   Level
a - Summon Small Mammal   Summ           64%        N/A       3%          1

Your spell library contained the following spells:

 Spells                   Type           Power      Damage    Failure   Level
 Call Imp                 Summ           32%        N/A       4%          2
 Call Canine Familiar     Summ           16%        N/A       10%         3
 Summon Guardian Golem    Hex/Summ       9%         N/A       24%         3
 Summon Lightning Spire   Summ/Air       9%         N/A       61%         4


Dungeon Overview and Level Annotations

Branches:
Dungeon (1/15)

Altars:


Innate Abilities, Weirdness & Mutations

((You are very nimble when in or above water. (Stealth+, EV+, Speed+++)))
Your lower body shifts to a powerful aquatic tail in water.


Message History

You feel less confused. The jackal bites your bat.
Your bat dies!
Your bat's corpse disappears in a puff of smoke!
The jackal barely misses you.
The jackal bites you but does no damage.
The jackal closely misses you. The ball python closely misses you.
The ball python constricts you.
The jackal bites you but does no damage.
Your rat barely misses the jackal.
You open the door.
The jackal bites you but does no damage.
The ball python bites you. The ball python constricts you.
The jackal closely misses you. The jackal barely misses you.
Your rat barely misses the jackal.
You completely miss the jackal. The jackal closely misses you.
The jackal bites you. The ball python barely misses you.
The ball python constricts you. The jackal bites you.
The jackal closely misses you. The jackal bites you.
Your rat closely misses the jackal.
You barely miss the jackal. The jackal bites you.
The ball python completely misses you. The ball python constricts you.
The jackal bites you. The jackal closely misses you. The jackal bites you.
* * * LOW HITPOINT WARNING * * *
The jackal bites you.
* * * LOW HITPOINT WARNING * * *
Your rat closely misses the jackal.
As you read the scroll labelled PUJ NEOXZERCH, it crumbles to dust.
It is a scroll of brand weapon.
Your +0 dagger erupts in a glittering mayhem of colour.
f - a +0 dagger of chaos (weapon)
The jackal bites you.
* * * LOW HITPOINT WARNING * * *
The jackal closely misses you. The ball python barely misses you.
The ball python constricts you.
* * * LOW HITPOINT WARNING * * *
The jackal barely misses you. The jackal bites you.
* * * LOW HITPOINT WARNING * * *
The jackal bites you.
You die...

...#.#
#.#.r........#......###...
####.###.#.#........#.######
#..# #.....#.#........#.#
#..# #########........#.#
#..# #........#.# #...
##.##....#.#########..
#.##....#............
#.##.S..#..#########.
#..h@hK..............
#.##hh.†##.#.#######.
#h.r....#... #. #......##
### ## #....#.#
.......†..#.# ........###..
........# ## ........#


You could see 5 jackals, a ball python (ally target), a kobold and a friendly
rat (summoned).

Vanquished Creatures
  A dart slug (D:1)
  3 bats (D:1)
  An endoplasm (D:1)
  2 kobolds (D:1)
  A frilled lizard (D:1)
  A rat (D:1)
9 creatures vanquished.

Vanquished Creatures (collateral kills)
  A ball python (D:1)
  2 endoplasms (D:1)
  3 hobgoblins (D:1)
  A jackal (D:1)
  A bat (D:1)
  A frilled lizard (D:1)
  A goblin (D:1)
  A rat (D:1)
11 creatures vanquished.

Grand Total: 20 creatures vanquished

Notes
Turn   | Place    | Note
-------+----------+-------------------------------------------
     0 | D:1      | AgateBread the Merfolk Summoner began the quest for the
                  | Orb.
     0 | D:1      | Reached XP level 1. HP: 13/13 MP: 3/3
   449 | D:1      | Reached XP level 2. HP: 19/19 MP: 3/5
   978 | D:1      | Reached XP level 3. HP: 24/24 MP: 6/6
   988 | D:1      | HP: 1/24 [jackal (1)]
   988 | D:1      | Slain by a jackal

Illustrated notes

Levels and vault maps discovered:
D:1:      dpeg_arrival_tiny_d, layout_basic, serial_bayou_crossing

Action                     || total
---------------------------++-------
  Melee: Unarmed           ||     7
         Whip              ||     6
         Dagger            ||    22
   Cast: Summon Small Mamm ||    28
    Use: Potion            ||     1
         Scroll            ||     1
 Armour: Robe              ||    19
  Dodge: Dodged            ||    75
